Map: [ESL] Cosmic Sapphire

Players

PiLiPiLi

  • Race: Protoss Protoss
  • Spawn Location: 5:00

Neeb - Winner!

  • Race: Protoss Protoss
  • Spawn Location: 11:00

Event: DreamHack SC2 Masters 2022 Atlanta (Online)

VOD

Have the link to the VOD?

Description

Time

  • Played on: Oct. 4, 2022, 4:04 p.m.
  • Length: 12:31

All games in this series

Show
View Real Time Build Order
Export as new Build Order

PiLiPiLi Protoss 

Build Orders: Oracle Opening 

Get SALT Encoding   

  12  0:01  Probe  
  13  0:13  Probe  
  14  0:18  Pylon  
  14  0:26  Probe (Chrono Boost)  
  15  0:37  Gateway  
  15  0:38  Probe (Chrono Boost)  
  15  0:42  Assimilator  
  16  0:46  Probe (Chrono Boost)  
  17  0:53  Probe  
  17  0:55  Assimilator  
  18  1:05  Probe (Chrono Boost)  
  18  1:07  Gateway  
  19  1:17  Probe (Chrono Boost)  
  20  1:22  Probe (Chrono Boost)  
  20  1:25  Cybernetics Core  
  21  1:31  Probe  
  22  1:38  Pylon  
  22  1:43  Probe  
  23  1:56  Probe  
  24  2:02  Stalker  
  24  2:04  Stalker  
  24  2:07  Warp Gate  
  28  2:18  Stargate  
  28  2:24  Probe  
  28  2:27  Pylon  
  29  2:43  Stalker  
  30  2:45  Stalker  
  30  2:46  Probe  
  33  3:00  Oracle (Chrono Boost)  
  36  3:21  Nexus  
  36  3:30  Probe  
  37  3:34  Twilight Council  
  37  3:49  Pylon  
  37  3:57  Probe  
  38  4:08  Blink (Chrono Boost)  
  38  4:09  Probe  
  39  4:18  Oracle  
  39  4:22  Probe, Pylon  
  43  4:28  Adept  
  43  4:29  Adept  
  47  4:35  Probe x2 (Chrono Boost)  
  49  4:45  Probe x2 (Chrono Boost)  
  51  4:50  Probe x2 (Chrono Boost)  
  53  4:57  Gateway  
  53  5:01  Probe x2  
  53  5:12  Stalker x2  
  53  5:13  Probe  
  53  5:14  Shield Battery, Probe  
  54  5:25  Probe  
  54  5:26  Probe  
  56  5:30  Gateway  
  56  5:39  Stalker x2  
  56  5:40  Probe x2  
  62  5:51  Nexus  
  62  5:56  Charge (Chrono Boost), Pylon  
  62  5:57  Stalker  
  62  6:12  Stalker x2  
  62  6:16  Probe  
  62  6:17  Probe  
  68  6:20  Shield Battery  
  68  6:26  Stalker x2  
  68  6:28  Probe  
  68  6:29  Probe  
  74  6:40  Probe  
  74  6:41  Probe  
  74  6:43  Gateway  
  74  6:45  Gateway  
  76  6:49  Stalker  
  78  6:57  Pylon  
  78  7:03  Probe x2  
  78  7:07  Probe, Stalker, Pylon  
  78  7:08  Stalker  
  85  7:09  Stalker  
  87  7:16  Probe x2  
  87  7:17  Pylon  
  87  7:21  Stalker  
  91  7:27  Pylon  
  91  7:28  Gateway  
  91  7:34  Zealot  
  91  7:35  Zealot x2  
  97  7:40  Zealot x2  
  97  7:42  Pylon  
  101  7:45  Gateway  
  99  7:56  Zealot x4  
  92  8:07  Zealot x2  
  94  8:14  Probe x3  
  94  8:18  Robotics Facility, Stalker x4  
  105  8:23  Shield Battery  
  105  8:24  Shield Battery, Zealot  
  107  8:33  Zealot x2  
  111  8:34  Zealot  
  111  8:35  Zealot  
  115  8:44  Zealot x3  
  115  8:46  Zealot  
  123  9:00  Zealot x2  
  123  9:01  Zealot x3  
  133  9:04  Pylon  
  133  9:06  Pylon  
  133  9:08  Robotics Bay  
  133  9:10  Assimilator  
  133  9:15  Assimilator  
  133  9:21  Observer  
  133  9:24  Zealot x6  
  133  9:25  Zealot x2  
  149  9:42  Assimilator  
  143  9:47  Stalker x7  
  129  9:54  Zealot  
  111  10:06  Disruptor (Chrono Boost)  
  103  10:11  Shield Battery  
  106  10:15  Zealot x4  
  106  10:16  Zealot  
  106  10:18  Zealot x2  
  106  10:20  Assimilator  
  120  10:34  Disruptor (Chrono Boost)  
  121  10:46  Stalker x7  
  121  11:03  Forge  
  121  11:04  Pylon  
  121  11:07  Pylon  
  121  11:08  Pylon  
  121  11:10  Stalker  
  121  11:11  Stalker x2  
  130  11:12  Zealot  
  130  11:17  Observer  
  99  11:31  Stalker x3  
  99  11:45  Stalker  
  99  11:46  Stalker x2  
  105  11:56  Probe (Chrono Boost)  
  105  11:57  Probe x2 (Chrono Boost)  
  108  12:09  Probe x2 (Chrono Boost)  
  108  12:13  Probe  
  108  12:14  Pylon  
  114  12:18  Pylon  
Show
View Real Time Build Order
Export as new Build Order

Neeb Protoss - Winner!

Build Orders: Blink Stalkers 

Get SALT Encoding   

  12  0:00  Probe  
  13  0:12  Probe  
  14  0:18  Pylon  
  14  0:24  Probe (Chrono Boost)  
  15  0:36  Probe (Chrono Boost)  
  15  0:38  Gateway  
  16  0:45  Probe (Chrono Boost)  
  16  0:47  Assimilator  
  17  0:51  Probe  
  18  1:01  Assimilator  
  18  1:03  Probe (Chrono Boost)  
  19  1:09  Gateway  
  19  1:13  Probe (Chrono Boost)  
  20  1:18  Probe  
  21  1:27  Cybernetics Core  
  21  1:31  Probe  
  22  1:36  Pylon  
  22  1:43  Probe  
  23  1:55  Probe  
  24  2:03  Warp Gate (Chrono Boost)  
  24  2:04  Stalker x2  
  24  2:07  Probe  
  29  2:12  Pylon  
  29  2:20  Probe  
  30  2:26  Pylon  
  30  2:29  Shield Battery  
  30  2:32  Probe  
  31  2:38  Twilight Council  
  31  2:56  Nexus  
  31  3:01  Probe  
  31  3:05  Shield Battery  
  32  3:10  Blink (Chrono Boost)  
  32  3:13  Probe  
  33  3:24  Robotics Facility  
  34  3:27  Probe  
  34  3:32  Pylon  
  34  3:39  Probe  
  35  3:44  Stalker  
  37  3:49  Stalker  
  37  3:51  Probe  
  35  4:04  Probe  
  36  4:16  Probe  
  37  4:17  Probe  
  38  4:27  Stalker  
  38  4:29  Probe  
  41  4:32  Probe (Chrono Boost)  
  41  4:36  Stalker  
  41  4:38  Observer  
  45  4:44  Probe (Chrono Boost)  
  47  4:47  Probe (Chrono Boost)  
  47  4:52  Probe (Chrono Boost)  
  48  4:53  Stalker  
  48  4:55  Probe (Chrono Boost)  
  48  4:58  Probe  
  51  5:03  Stalker  
  51  5:06  Probe  
  55  5:11  Probe  
  55  5:18  Probe  
  56  5:23  Nexus, Probe  
  56  5:26  Observer  
  58  5:30  Charge, Probe  
  58  5:34  Pylon  
  58  5:35  Probe  
  60  5:36  Assimilator  
  60  5:41  Sentry  
  62  5:45  Gateway  
  62  5:46  Gateway  
  62  5:52  Probe  
  62  5:53  Probe  
  64  5:59  Immortal  
  68  6:05  Pylon  
  68  6:08  Probe x2  
  70  6:15  Pylon  
  70  6:16  Pylon  
  70  6:17  Pylon  
  70  6:23  Probe x2  
  70  6:25  Stalker  
  74  6:26  Stalker  
  74  6:32  Shield Battery  
  76  6:36  Probe x2 (Chrono Boost)  
  76  6:39  Probe (Chrono Boost)  
  79  6:44  Forge  
  81  6:48  Sentry x2, Probe x2 (Chrono Boost)  
  81  6:50  Probe (Chrono Boost)  
  81  6:52  Pylon  
  81  6:53  Probe x2 (Chrono Boost)  
  87  6:55  Probe (Chrono Boost)  
  89  7:02  Probe  
  89  7:04  Stalker x2, Pylon  
  94  7:13  Observer, Gateway  
  94  7:16  Gateway, Pylon  
  94  7:19  Templar Archives  
  94  7:23  Zealot x2  
  98  7:31  Gateway x2  
  98  7:33  Shield Battery  
  98  7:34  Shield Battery  
  98  7:36  Zealot x2  
  102  7:39  Pylon  
  100  7:54  Zealot x2  
  94  7:59  Immortal (Chrono Boost)  
  94  8:00  Zealot x2  
  90  8:10  High Templar  
  90  8:12  High Templar  
  94  8:16  Shield Battery  
  94  8:17  Zealot x2, Archon  
  98  8:22  Zealot x2, Photon Cannon  
  102  8:29  Stalker  
  102  8:30  Stalker  
  102  8:32  Immortal (Chrono Boost)  
  110  8:37  Zealot x2  
  110  8:40  Shield Battery  
  114  8:44  Zealot x4  
  122  9:00  Zealot, High Templar x2  
  122  9:01  Zealot  
  130  9:03  Pylon  
  130  9:04  Archon, Pylon  
  130  9:07  Assimilator  
  130  9:08  Zealot x4, Assimilator  
  130  9:09  Pylon  
  138  9:23  Zealot x2  
  142  9:27  Protoss Ground Weapons Level 1 (Chrono Boost)  
  142  9:30  Zealot x4  
  150  9:36  Pylon  
  150  9:38  Zealot x2  
  150  9:39  Warp Prism  
  150  9:41  Dark Shrine  
  154  9:49  Zealot x2  
  132  9:57  Stalker x4  
  116  10:14  Probe  
  116  10:19  Stalker x3  
  123  10:21  Nexus  
  123  10:24  Pylon  
  123  10:30  Stalker x2  
  126  10:37  Stalker x3  
  128  10:47  Probe x2  
  125  10:53  Dark Templar x3  
  125  10:54  Probe  
  125  10:55  Dark Templar  
  128  10:59  Probe x2  
  130  11:07  Probe  
  130  11:09  Assimilator  
  130  11:11  Probe x2, Assimilator  
  130  11:14  Zealot  
  130  11:15  Zealot x2  
  137  11:19  Probe  
  137  11:23  Probe  
  127  11:29  Probe  
  127  11:30  Stalker x4  
  127  11:31  Stalker  
  132  11:40  Probe  
  132  11:44  Probe  
  132  11:45  Observer  
  134  11:50  Probe x2  
  136  11:54  Stalker x5  
  144  12:03  Stalker x3  
  150  12:11  Photon Cannon  
  150  12:13  Photon Cannon  
Tags
 
Add a new tag
Caveats
  • Supply blocks, unpowered buildings, or Contaminate may cause inaccurate times.
  • Supply counts are checked every 10 seconds.